 Dungeon Crawl Stone Soup version 0.25-a0-246-g58704a1ebd (webtiles) character file.

Game seed: 9780106906904423182, levelgen mode: classic

12061 Borgoz the Protected (level 11, -3/73 HPs)
             Began as a Gargoyle Fighter on Dec 3, 2019.
             Was a Follower of Ashenzari.
             Slain by a skeletal warrior
             ... wielding a +0 flail
             ... led by a death knight
              (7 damage)
             ... on level 11 of the Dungeon.
             The game lasted 00:15:03 (10093 turns).

Borgoz the Protected (Gargoyle Fighter)            Turns: 10093, Time: 00:15:04

Health: -3/73      AC: 23    Str: 22    XL:     11   Next: 87%
Magic:  13/13      EV: 14    Int:  8    God:    Ashenzari [*.....]
Gold:   458        SH: 17    Dex: 16    Spells: 10/10 levels left

rFire    . . .     SeeInvis .   a - +4 mace (drain) (curse)
rCold    . . .     Gourm    .   c - +0 shield
rNeg     + . .     Faith    .   z - +0 scale mail (curse)
rPois    ∞         Spirit   .   (no helmet)
rElec    +         Reflect  +   E - +2 cloak
rCorr    .         Harm     .   w - +0 pair of gloves (curse)
MR       .....                  t - +0 pair of boots (curse)
Stlth    +.........             u - +5 amulet of reflection
HPRegen  0.22/turn              (no ring)
MPRegen  0.13/turn              (no ring)

@: agile
A: negative energy resistance 1, electricity resistance, unbreathing,
petrification resistance, rot immunity, AC +8
a: Curse Item, Scrying, Renounce Religion


You were on level 11 of the Dungeon.
You worshipped Ashenzari.
Ashenzari was aware of your devotion.
You were hungry.

You visited 2 branches of the dungeon, and saw 12 of its levels.

You collected 458 gold pieces.

Inventory:

Hand Weapons
 a - a cursed +4 mace of draining (weapon)
 b - a +4 mace of crushing
Missiles
 y - a throwing net (quivered)
Armour
 c - a +0 shield (worn)
 t - a cursed +0 pair of boots (worn)
 w - a cursed +0 pair of gloves (worn)
 z - a cursed +0 scale mail (worn)
 E - a +2 cloak (worn)
Jewellery
 i - an uncursed ring of flight
 p - an uncursed ring of positive energy
 u - a +5 amulet of reflection (around neck)
 F - an uncursed ring of positive energy
Wands
 n - a wand of clouds (3)
 q - a wand of paralysis (5)
 v - a wand of flame (28)
Scrolls
 d - a scroll of blinking
 h - 5 scrolls of remove curse
 j - 4 scrolls of enchant armour {unknown}
 k - 6 scrolls of teleportation {unknown}
 m - 2 scrolls of magic mapping
 r - a scroll of fog {unknown}
 s - a scroll of amnesia {unknown}
 x - a scroll of silence
 A - 2 scrolls of noise {unknown}
Potions
 e - 3 potions of flight
 g - 2 potions of mutation
 l - a potion of curing
 o - 4 potions of heal wounds
 B - a potion of magic
 D - a potion of brilliance {unknown}
Comestibles
 f - 20 rations


   Skills:
 * Level 10.7 Fighting
 * Level 9.6 Maces & Flails
 * Level 10.7 Armour
 + Level 9.8 Shields
 + Level 3.2 Evocations


You had 10 spell levels left.
You didn't know any spells.
Your spell library contained the following spells:

 Spells                   Type           Power        Failure   Level  Hunger
 Beastly Appendage        Tmut           #.....       88%         1    ##.....
 Magic Dart               Conj           #...         88%         1    ##.....
 Searing Ray              Conj           #.....       95%         2    ###....
 Sticks to Snakes         Tmut           #.......     95%         2    ###....
 Dazzling Flash           Conj/Hex       #.....       99%         3    ####...
 Spider Form              Tmut/Pois      #.........   99%         3    ####...
 Fulminant Prism          Conj/Hex       #.........   100%        4    #####..
 Ice Form                 Ice/Tmut       #.......     100%        4    #####..
 Iskenderun's Mystic Bla  Conj/Tloc      #.......     100%        4    #####..
 Blade Hands              Tmut           #.........   100%        5    ######.


Dungeon Overview and Level Annotations

Branches:
Dungeon (11/15)            Temple (1/1) D:4            Lair (0/6) D:8
    Orc (0/2) D:9

Altars:
Ashenzari
Cheibriados
Dithmenos
Elyvilon
Fedhas
Gozag
Hepliaklqana
Kikubaaqudgha
Makhleb
Nemelex Xobeh
Okawaru
Qazlal
Ru
Sif Muna
Trog
Uskayaw
Vehumet
Wu Jian
Xom
Yredelemnul
Zin
The Shining One

Annotations:
D:8 exclusion: 2 oklob plants


Innate Abilities, Weirdness & Mutations

You are resistant to torment.
Your stone body is resilient. (AC +8)
You are immune to poison.
You resist negative energy. (rN+)
You are resistant to electric shocks. (rElec)
You can survive without breathing.
You are immune to petrification.
You are immune to rotting.


Message History

You hit the skeletal warrior but do no damage.
The skeletal warrior is moderately damaged.
You closely miss the skeletal warrior.
The skeletal warrior is moderately damaged.
You block the skeletal warrior's attack.
You hit the skeletal warrior.
The skeletal warrior is heavily damaged.
You block the skeletal warrior's attack.
You hit the skeletal warrior but do no damage.
The skeletal warrior is heavily damaged.
The skeletal warrior hits you with a +0 flail!!
* * * LOW HITPOINT WARNING * * *
You hit the skeletal warrior.
The skeletal warrior is heavily damaged.
The skeletal warrior hits you with a +0 flail!
* * * LOW HITPOINT WARNING * * *
You barely miss the skeletal warrior.
The skeletal warrior is heavily damaged.
The skeletal warrior hits you with a +0 flail!
You die...

####+#####......#
#.......?.......+
.##...............#
..................#
.................>#
..................z.....#
................##.....##
................##.....#
.......##.......@zW....#
.......##.......##z....#
.......##.......##.....#
........#........#.....#
........#.......##.....#
........#.......##.....###
........#........?.......+
.......###########.......#
....<..#.... ..#.......#


You could see 2 skeletal warriors and a wraith.

Vanquished Creatures
  A death knight (D:11)
  A two-headed ogre (D:8)
  A centaur warrior (D:10)
  2 unseen horrors (D:10)
  A cyclops (D:9)
  Maurice (D:9)
  A troll (D:11)
  A hornet (D:10)
  Grinder (D:6)
  2 hippogriffs (D:10)
  A wraith (D:10)
  A wyvern (D:9)
  A vampire mosquito (D:10)
  3 wargs (D:8)
  A water moccasin (D:11)
  7 orc warriors
  5 sky beasts
  6 ice beasts
  A black bear (D:9)
  5 ogres
  A crocodile (D:9)
  5 centaurs
  4 big kobolds
  10 bullfrogs
  4 scorpions
  A water moccasin zombie (D:11)
  A wyvern skeleton (D:8)
  12 killer bees
  A howler monkey (D:4)
  9 wights
  A centaur zombie (D:5)
  7 crimson imps
  3 jellies
  A quasit (D:10)
  4 hounds
  6 orc priests
  3 bullfrog skeletons
  A centaur skeleton (D:10)
  12 orc wizards
  3 iguanas
  7 worker ants
  A killer bee zombie (D:5)
  A hound zombie (D:10)
  A howler monkey skeleton (D:6)
  8 adders
  3 gnolls (D:6)
  3 shadow imps
  2 oozes (D:2)
  3 adder skeletons
  An adder zombie (D:10)
  5 worms
  A dart slug (D:1)
  5 leopard geckos
  53 orcs
  A ball python (D:3)
  8 bats
  8 giant cockroaches
  11 hobgoblins
  10 jackals
  4 quokkas
  5 frilled lizards
  7 goblins
  23 kobolds
  A leopard gecko skeleton (D:7)
  5 rats
309 creatures vanquished.

Vanquished Creatures (others)
  A sky beast (D:10)
  2 hounds (D:4)
  2 worker ants (D:4)
  2 worms (D:4)
  A leopard gecko (D:4)
  An orc (D:4)
9 creatures vanquished.

Grand Total: 318 creatures vanquished

Notes
Turn   | Place    | Note
-------+----------+-------------------------------------------
     0 | D:1      | Borgoz the Gargoyle Fighter began the quest for the Orb.
     0 | D:1      | Reached XP level 1. HP: 14/14 MP: 1/1
   128 | D:1      | Reached XP level 2. HP: 19/19 MP: 2/2
   323 | D:1      | Reached XP level 3. HP: 23/23 MP: 3/3
   737 | D:2      | Found a hazy altar of Hepliaklqana.
  1023 | D:2      | Reached XP level 4. HP: 15/29 MP: 4/4
  1794 | D:3      | Reached XP level 5. HP: 23/33 MP: 5/5
  2323 | D:4      | Found an ornate altar of the Wu Jian Council.
  2352 | D:4      | Found a shimmering altar of Xom.
  2497 | D:4      | Reached XP level 6. HP: 18/39 MP: 6/6
  2658 | D:4      | Found a radiant altar of Vehumet.
  2730 | D:4      | Found a sparkling altar of Nemelex Xobeh.
  3076 | D:4      | Reached skill level 5 in Fighting
  3076 | D:4      | Reached skill level 5 in Shields
  3080 | D:4      | Reached skill level 5 in Armour
  3080 | D:4      | Reached XP level 7. HP: 36/44 MP: 7/7
  3437 | D:4      | Found a staircase to the Ecumenical Temple.
  3459 | Temple   | Entered the Ecumenical Temple
  3882 | D:5      | Entered Level 5 of the Dungeon
  4142 | D:5      | Reached XP level 8. HP: 49/51 MP: 8/8
  4379 | D:5      | Reached skill level 5 in Maces & Flails
  4443 | D:5      | Found a blossoming altar of Fedhas.
  4492 | D:6      | Noticed Grinder
  4506 | D:6      | Killed Grinder
  5093 | D:6      | Found a glowing silver altar of Zin.
  5094 | D:6      | Noticed an angel
  5260 | D:7      | Found an opulent altar of Gozag.
  5274 | D:7      | Reached XP level 9. HP: 57/57 MP: 9/9
  6294 | D:8      | Found a basalt altar of Yredelemnul.
  6564 | D:8      | Noticed a two-headed ogre
  6574 | D:8      | Killed a two-headed ogre
  6574 | D:8      | Reached XP level 10. HP: 53/65 MP: 10/10
  6712 | D:8      | Found a shattered altar of Ashenzari.
  6721 | D:8      | Found a shimmering altar of Xom.
  6721 | D:8      | Found a burning altar of Makhleb.
  6879 | D:8      | Found a staircase to the Lair.
  6912 | D:8      | Found a blossoming altar of Fedhas.
  6915 | D:8      | Noticed an oklob plant
  6915 | D:8      | Noticed an oklob plant
  7540 | D:9      | Found a bloodstained altar of Trog.
  7541 | D:9      | Found an iron altar of Okawaru.
  7595 | D:8      | Became a worshipper of Ashenzari the Shackled
  7630 | D:9      | Noticed a cyclops
  7640 | D:9      | Killed a cyclops
  7666 | D:9      | Noticed Maurice
  7683 | D:9      | Killed Maurice
  7855 | D:9      | Reached skill level 1 in Evocations
  7896 | D:9      | Found a staircase to the Orcish Mines.
  8237 | D:9      | Found an iron altar of Okawaru.
  8280 | D:9      | Reached XP level 11. HP: 66/72 MP: 12/12
  8505 | D:10     | Entered Level 10 of the Dungeon
  8776 | D:10     | Killed an unseen horror
  8850 | D:10     | Reached skill level 10 in Fighting
  8910 | D:10     | Reached * piety under Ashenzari
  9093 | D:10     | Reached skill level 10 in Armour
  9500 | D:10     | Noticed a centaur warrior
  9513 | D:10     | Killed a centaur warrior
  9582 | D:10     | Killed an unseen horror
 10042 | D:11     | Noticed a skeletal warrior
 10044 | D:11     | Noticed a death knight
 10044 | D:11     | Noticed a skeletal warrior
 10084 | D:11     | Killed a death knight
 10093 | D:11     | Slain by a skeletal warrior

Levels and vault maps discovered:
D:1:      denvon_arrival_waterhouse, layout_basic
D:2:      layout_basic, lemuel_coloured_pillars_altar, first_ration
D:3:      layout_basic
D:4:      layout_cave_pods, old_standard_altar, old_standard_altar,
          old_standard_altar, minmay_temple_entry_poolview, st_stairs_3,
          minmay_misc_feat_x, chequers_serial_rivers_micro_e,
          xom_confusion_cloud
D:5:      layout_basic, lemuel_doored_altar
D:6:      layout_basic, zin_angel, uniq_grinder
D:7:      layout_basic, old_standard_altar, grunt_ogre_cave,
          kennysheep_generic_room_10
D:8:      layout_gridville, grunt_temple_overflow_champion_of_chaos,
          yredelemnul_altar_generic, ashenzari_altar_1,
          erik_lair_orcish_takeover, minmay_misc_feat_alley,
          hangedman_tree_tricks
D:9:      layout_basic, grunt_temple_overflow_bloody_war, david_orc_2,
          okawaru_trees_1, uniq_maurice
D:10:     layout_loops_cross, minmay_pinched_square
D:11:     layout_stronghold, basic_altar, serial_shops, shop, uniq_urug
Temple:   jpeg_temple_island

Skill      XL: |  1  2  3  4  5  6  7  8  9 10 11 |
---------------+----------------------------------+-----
Fighting       | 4 5 7 8 9 10 | 10.7
Armour         | 4 5 7 8 9 10 | 10.7
Shields        | 4 5 7 8 9 |  9.8
Maces & Flails | 3 4 5 7 8 9 |  9.6
Evocations     | 1 3 |  3.2

Action                   |  1- 3 |  4- 6 |  7- 9 | 10-12 || total
-------------------------+-------+-------+-------+-------++-------
Melee: Flail             |   135 |   112 |       |       ||   247
       Mace              |       |    63 |   354 |   628 ||  1045
Invok: Curse Item        |       |       |       |     4 ||     4
Evoke: Wand              |       |       |     1 |     1 ||     2
  Use: Potion            |       |     1 |     2 |     2 ||     5
       Scroll            |       |     6 |     3 |     3 ||    12
 Stab: Confused          |       |       |     1 |       ||     1
  Eat: Chunk             |     1 |     6 |     9 |    12 ||    28
       Ration            |       |       |     1 |       ||     1
Armor: Scale mail        |    95 |    96 |   199 |   291 ||   681
Dodge: Dodged            |    54 |    57 |   115 |   126 ||   352
Block: Shield            |    81 |    96 |   332 |   501 ||  1010
       Reflection        |       |       |     6 |    18 ||    24

Table legend:
 A = Non-vault XP
 B = Vault XP
 C = Vault XP percentage of total XP
 D = Non-vault monster count
 E = Vault monster count
 F = Vault count percentage of total count
                 A         B        C        D         E       F
            +---------+---------+-------+---------+---------+-------
      Total |   12298 |    4932 |  28.6 |     272 |      38 |  12.3
            +---------+---------+-------+---------+---------+-------
        D:1 |      37 |       0 |   0.0 |      20 |       0 |   0.0
        D:2 |      51 |       0 |   0.0 |      18 |       0 |   0.0
        D:3 |     130 |       0 |   0.0 |      33 |       0 |   0.0
        D:4 |     445 |     113 |  20.3 |      16 |       4 |  20.0
        D:5 |     783 |       0 |   0.0 |      30 |       0 |   0.0
        D:6 |     480 |     267 |  35.7 |      14 |       1 |   6.7
        D:7 |     743 |     212 |  22.2 |      16 |       2 |  11.1
        D:8 |    2522 |     709 |  21.9 |      33 |      10 |  23.3
        D:9 |    1866 |     998 |  34.8 |      23 |       8 |  25.8
       D:10 |    3606 |    2633 |  42.2 |      61 |      13 |  17.6
       D:11 |    1635 |       0 |   0.0 |       8 |       0 |   0.0
            +---------+---------+-------+---------+---------+-------
